 Dungeon Crawl Stone Soup version 0.14.2 (webtiles) character file.

107 Amnesiac the Charlatan (level 3, 0/18 HPs)
             Began as a Spriggan Artificer on Feb 9, 2018.
             Slain by a gnoll
             ... wielding a +0,+0 club
              (9 damage)
             ... on Level 4 of the Dungeon.
             The game lasted 00:01:40 (1189 turns).

Amnesiac the Charlatan (Spriggan Artificer)         Turns: 1189, Time: 00:01:40

HP   0/18        AC  2     Str  8      XL: 3   Next: 75%
MP   8/8         EV 18     Int 13      God:
Gold 49          SH  0     Dex 16      Spells:  0 memorised,  2 levels left

rFire  . . .     SeeInvis +     j - +2 dagger (venom)
rCold  . . .     Clarity  .     e - +0 robe
rNeg   . . .     Conserve .     (shield restricted)
rPois  .         rCorr    .     (helmet restricted)
rElec  .         rRot     .     (no cloak)
SustAb . .       Spirit   .     (gloves unavailable)
rMut   .         Warding  .     (boots unavailable)
Saprov . . .     Stasis   .     (no amulet)
MR     .....                    (no ring)
                                (no ring)

@: very quick, not resistant to hostile enchantments, stealthy
A: unfitting armour, see invisible, herbivore 3, speed 3, slow metabolism 2
a: no special abilities


You were on level 4 of the Dungeon.
You were not hungry.

You visited 1 branch of the dungeon, and saw 4 of its levels.

You collected 49 gold pieces.

Inventory:

Hand weapons
 j - a +2,+2 dagger of venom (weapon)
Missiles
 h - 5 darts of flame (quivered)
 i - 38 darts
Armour
 e - a +0 robe (worn)
Magical devices
 b - a wand of flame (13)
 c - a wand of enslavement (15)
 d - a wand of random effects (15)
Comestibles
 a - 3 bread rations
Scrolls
 k - a scroll of immolation {!r, unknown}
 l - a scroll of amnesia {!r, unknown}
 m - a scroll of identify {!r, unknown}
Potions
 f - a potion of porridge {!q}
 g - a potion of heal wounds {!q, unknown}


   Skills:
 - Level 1.0 Fighting
 + Level 3.2 Short Blades
 - Level 3.0 Dodging
 + Level 3.5 Stealth
 - Level 4.0 Evocations


You had 2 spell levels left.
You didn't know any spells.

Dungeon Overview and Level Annotations

Branches:
Dungeon (4/15)
 Temple: D:4-7

Altars:


Innate Abilities, Weirdness & Mutations

You are tiny and cannot use many weapons and most armour.
You have supernaturally acute eyesight.
You are a herbivore.
You cover ground extremely quickly.
You need consume almost no food.


Message History

Ouch! That really hurt!
* * * LOW HITPOINT WARNING * * *
A gnoll comes into view. It is wielding a club.
You kill the gnoll!
There is a stone staircase leading up here.
The gnoll shouts!
You climb upwards.
There is a stone staircase leading down here.
You start resting.
You start resting.
HP restored.
You climb downwards.
There is a stone staircase leading up here.
Things that are here:
a robe; a flail
Things that are here:
a rotting gnoll corpse; a whip You hit the gnoll.
The gnoll is poisoned.
The gnoll is lightly wounded.
The gnoll misses you.
You barely miss the gnoll.
The gnoll is lightly wounded.
The gnoll hits you with a club.
You hit the gnoll but do no damage.
The gnoll looks even sicker.
The gnoll is moderately wounded.
The gnoll hits you with a club.
* * * LOW HITPOINT WARNING * * *
You hit the gnoll.
The gnoll is heavily wounded.
Things that are here:
a robe; a flail
There is a stone staircase leading up here.
You climb upwards.
There is a stone staircase leading down here.
You start resting.
An adder comes into view.
An adder is nearby!
You closely miss the adder. The adder bites you.
You closely miss the adder. The adder completely misses you.
You barely miss the adder. The adder misses you.
You closely miss the adder. The adder barely misses you.
You hit the adder.
The adder is poisoned.
The adder is moderately wounded.
The adder bites you.
* * * LOW HITPOINT WARNING * * *
You hit the adder.
The adder looks even sicker.
The adder is severely wounded.
You kill the adder!
Your Short Blades skill increases to level 3!
There is a stone staircase leading down here.
You start resting.
You start resting.
HP restored.
You climb downwards.
The gnoll hits you with a club!
Ouch! That really hurt!
* * * LOW HITPOINT WARNING * * *
The gnoll closely misses you.
There is a stone staircase leading up here.
The gnoll picks up a whip.
The gnoll wields a whip.
You closely miss the gnoll. You hit the gnoll but do no damage.
The gnoll is poisoned.
The gnoll hits you with a club!
Ouch! That really hurt!
You die...

#
#########.####
#..........ggg.
#.# #g# #####.#
#.# ...#.# #.#
#.#.####.#
#.####..g[%...#
#....@g.<######
##########


You could see 2 gnolls.

Vanquished Creatures
  2 gnolls (D:4)
  An adder (D:3)
  A worm (D:3)
  A giant mite (D:3)
  A giant cockroach (D:3)
  3 hobgoblins
  A quokka (D:2)
  5 bats
  A giant newt (D:3)
  2 kobolds (D:1)
  4 rats
22 creatures vanquished.

Notes
Turn   | Place    | Note
--------------------------------------------------------------
     0 | D:1      | Amnesiac, the Spriggan Artificer, began the quest for the Orb.
     0 | D:1      | Reached XP level 1. HP: 9/9 MP: 2/2
    34 | D:1      | Reached skill level 1 in Fighting
   254 | D:3      | Reached XP level 2. HP: 9/14 MP: 5/5
   496 | D:4      | Reached XP level 3. HP: 15/18 MP: 8/8
  1189 | D:4      | Slain by a gnoll

Action                   || total
-------------------------++-------
Melee: Dagger            ||    56
       Short sword       ||     9
Evoke: Wand              ||     2
 Stab: Sleeping          ||     4
